 Dungeon Crawl Stone Soup version 0.16.1-51-g6203257 (webtiles) character file.

96 uhvn the Sneak (level 4, -5/33 HPs)
             Began as a Vampire Gladiator on July 9, 2015.
             Slain by a gnoll
             ... wielding a +0 spear
              (7 damage)
             ... on level 3 of the Dungeon.
             The game lasted 00:07:21 (2115 turns).

uhvn the Sneak (Vampire Gladiator)                  Turns: 2115, Time: 00:07:21

Health: -5/33      AC:  4    Str: 14    XL:     4   Next: 41%
Magic:  4/4        EV: 13    Int: 10    God:
Gold:   92         SH:  0    Dex: 15    Spells: 0 memorised, 3 levels left

rFire  . . .     SeeInvis +     a - +0 rapier
rCold  + . .     Clarity  .     b - +0 leather armour
rNeg   + + .     SustAb   .     (no shield)
rPois  +         Gourm    .     c - +0 helmet
rElec  .         Spirit   .     (no cloak)
rCorr  .         Warding  .     (no gloves)
rMut   .         Stasis   .     (no boots)
MR     .....                    (no amulet)
Stlth  +++.......               (no ring)
                                l - ring of loudness (curse)

@: regenerating slowly, not resistant to hostile enchantments, fairly stealthy
A: bottle blood, fangs 3, see invisible, unbreathing
a: Bat Form


You were on level 3 of the Dungeon.
You were thirsty.

You visited 1 branch of the dungeon, and saw 3 of its levels.

You collected 92 gold pieces.

Inventory:

Hand weapons
 a - a +0 rapier (weapon)
 k - a +0 dagger
Missiles
 d - 3 throwing nets (quivered)
Armour
 b - a +0 leather armour (worn)
 c - a +0 helmet (worn)
Jewellery
 l - a cursed ring of loudness (left hand)
Scrolls
 f - a scroll of amnesia {unknown}
 g - a scroll of identify {unknown}
 h - 2 scrolls of magic mapping {unknown}
 i - a scroll of noise {unknown}
 o - 3 scrolls of remove curse {unknown}
Potions
 e - 4 potions of blood
 j - a potion of heal wounds {unknown}
 m - 2 potions of poison {unknown}
 n - 2 potions of might {unknown}
 p - a potion of mutation {unknown}
 q - a potion of restore abilities {unknown}


   Skills:
 * Level 2.0 Fighting
 + Level 3.3 Short Blades
 - Level 1.5 Throwing
 + Level 3.4 Dodging
 + Level 6.1 Stealth


You had 3 spell levels left.
You didn't know any spells.

Dungeon Overview and Level Annotations

Branches:
Dungeon (3/15)

Altars:

Annotations:
D:2 Terence


Innate Abilities, Weirdness & Mutations

You heal slowly.
You can bottle blood from corpses.
You have razor-sharp teeth.
You have supernaturally acute eyesight.
You can survive without breathing.


Message History

The gnoll closely misses you.
The gnoll hits you from afar with a spear!
* * * LOW HITPOINT WARNING * * *
You hit the gnoll.
The gnoll is almost dead.
The gnoll hits you with a whip.
* * * LOW HITPOINT WARNING * * *
The gnoll hits you from afar with a spear.
* * * LOW HITPOINT WARNING * * *
You see here a scroll labeled CHARALUROA.
A jackal comes into view.
A jackal comes into view.
The jackal barks! x2
You barely miss the gnoll.
The gnoll is almost dead.
The gnoll closely misses you. The gnoll barely misses you.
You hit the gnoll.
You kill the gnoll!
The gnoll hits you with a spear!
You die...

#.#
#.#
#.#
#?#
#.#
#.#
#g#
#g#
#@#
#.#
#h#
#.#
#h#
#.#
#.#
#.#
#.#


You could see a gnoll, 2 jackals and a hobgoblin.

Vanquished Creatures
  Ijyb (D:2)
  A gnoll (D:3)
  3 adders (D:2)
  2 worms
  A giant gecko (D:2)
  An ooze (D:1)
  3 giant cockroaches
  3 hobgoblins
  A ball python (D:2)
  A bat (D:2)
  4 goblins
  6 kobolds
  A quokka (D:3)
  5 rats
33 creatures vanquished.

Notes
Turn   | Place    | Note
--------------------------------------------------------------
     0 | D:1      | uhvn, the Vampire Gladiator, began the quest for the Orb.
     0 | D:1      | Reached XP level 1. HP: 16/16 MP: 1/1
    75 | D:1      | Reached skill level 1 in Stealth
   399 | D:1      | Reached XP level 2. HP: 5/22 MP: 2/2
   405 | D:1      | HP: 1/22 [kobold/whip (3)]
  1119 | D:1      | Reached skill level 4 in Stealth
  1250 | D:2      | Noticed Terence
  1431 | D:2      | Reached XP level 3. HP: 27/27 MP: 3/3
  1485 | D:2      | Reached skill level 5 in Stealth
  1630 | D:2      | Noticed Ijyb
  1653 | D:2      | Killed Ijyb
  1653 | D:2      | Reached skill level 6 in Stealth
  1653 | D:2      | Reached XP level 4. HP: 22/33 MP: 4/4
  2098 | D:3      | HP: 1/33 [gnoll/spear (1)]
  2115 | D:3      | Slain by a gnoll

Action                   |  1- 3 |  4- 6 || total
-------------------------+-------+-------++-------
Melee: Rapier            |   115 |    48 ||   163
  Use: Potion            |       |     2 ||     2
 Stab: Distracted        |     1 |     1 ||     2
       Sleeping          |     1 |       ||     1
